 Dungeon Crawl Stone Soup version 0.30-a0-424-g7412bad402 (webtiles) character file.

Game seed: 2506084030979165165

161 cforsyth the Trooper (level 5, -1/47 HPs)
             Began as a Minotaur Berserker on Dec 9, 2022.
             Was a Believer of Trog.
             Slain by a sky beast (5 damage)
             ... on level 5 of the Dungeon.
             The game lasted 00:02:42 (1226 turns).

cforsyth the Trooper (Minotaur Berserker)           Turns: 1226, Time: 00:02:43

Health: -1/47      AC:  3    Str: 23    XL:     5   Next: 19%
Magic:  4/4        EV: 12    Int:  4    God:    Trog [**....]
Gold:   114        SH:  0    Dex: 10    Spells: 4/4 levels left

rFire   . . .      SeeInvis .    a - +0 spear
rCold   . . .      Faith    .    (no shield)
rNeg    . . .      Spirit   .    b - +0 animal skin
rPois   .          Reflect  .    (helmet restricted)
rElec   .          Harm     .    (no cloak)
rCorr   .          Rampage  .    i - +0 pair of gloves
Will    .....                    (no boots)
Stlth   +.........               (no amulet)
HPRegen 0.27/turn                (no ring)
MPRegen 0.09/turn                (no ring)

@: no status effects
A: horns 2, retaliatory headbutt
a: Renounce Religion, Berserk, Trog's Hand


You were on level 5 of the Dungeon.
You worshipped Trog.
Trog was pleased with you.
You visited 1 branch of the dungeon, and saw 5 of its levels.

You collected 114 gold pieces.

Inventory:

Hand Weapons
 a - a +0 spear (weapon)
Armour
 b - a +0 animal skin (worn)
 i - a +0 pair of gloves (worn)
Jewellery
 g - an amulet of regeneration
Scrolls
 c - 2 scrolls of teleportation {unknown}
 e - a scroll of acquirement {unknown}
 h - 2 scrolls of identify {unknown}
 k - a scroll of vulnerability {unknown}
Potions
 d - a potion of haste {unknown}
 f - a potion of flight {unknown}
 j - a potion of lignification {unknown}


   Skills:
 + Level 4.7 Fighting
 + Level 4.7 Polearms
 + Level 3.8 Armour
 + Level 3.5 Dodging


You had 4 spell levels left.
You didn't know any spells.
Your spell library was empty.

Dungeon Overview and Level Annotations

Branches:
Dungeon (6/15)
 Temple: D:4-7

Altars:


Innate Abilities, Weirdness & Mutations

You have a pair of horns on your head.
You reflexively headbutt those who attack you in melee.


Message History

No target in view!
No target in view!
No target in view!
No target in view!
No target in view!
A sourceless malevolence fills the Dungeon...
You fall into a shaft and drop 3 floors!
The shaft crumbles and collapses.
Found a flail.
Found a stone staircase leading up.
A sky beast comes into view.
The sky beast flickers out of sight!
Deactivating autopickup; reactivate with Ctrl-A.
A sky beast appears from thin air!
Reactivating autopickup.
A sky beast is nearby!
There is a stone staircase leading up here.
The sky beast hits you. The sky beast shocks you.
You climb upwards.
Found a gilded ring.
There is a stone staircase leading down here.
You barely miss the sky beast. You hit the sky beast but do no damage.
Your headbutt misses the sky beast.
The sky beast flickers out of sight!
Deactivating autopickup; reactivate with Ctrl-A.
Something hits you. Something shocks you.
You closely miss something. Something hits you. Something shocks you.
You miss something. You headbutt something.
Something hits you but does no damage.
You completely miss something. Something completely misses you.
You hit something. Your headbutt misses something. Something hits you.
Something shocks you.
You miss something. Your headbutt misses something. Something hits you.
* * * LOW HITPOINT WARNING * * *
Something shocks you.
* * * LOW HITPOINT WARNING * * *
You hit something but do no damage. Your headbutt misses something.
Something hits you.
* * * LOW HITPOINT WARNING * * *
Something shocks you.
You die...

#.#
...
#.#
#.#
#.#
#.#
##.#
#{@#
#.##
#.
#.
..
#.
..
#.


There were no monsters in sight!

Vanquished Creatures
  A scorpion (D:2)
  Natasha (twice) (D:2)
  A gnoll (D:1)
  An adder (D:2)
  A dart slug (D:2)
  2 ball pythons
  2 bats (D:1)
  3 endoplasms
  A giant cockroach (D:2)
  3 hobgoblins (D:2)
  6 jackals (D:1)
  3 kobolds
  A quokka (D:2)
  A frilled lizard (D:2)
  3 goblins (D:2)
  2 rats (D:2)
33 creatures vanquished.

Notes
Turn   | Place    | Note
-------+----------+-------------------------------------------
     0 | D:1      | cforsyth the Minotaur Berserker began the quest for the
                  | Orb.
     0 | D:1      | Reached XP level 1. HP: 19/19 MP: 0/0
   174 | D:1      | Reached XP level 2. HP: 27/27 MP: 1/1
   570 | D:2      | Noticed Natasha
   576 | D:2      | Killed Natasha
   577 | D:2      | Reached XP level 3. HP: 28/33 MP: 2/2
   707 | D:2      | Noticed a scorpion
   720 | D:2      | Killed a scorpion
   721 | D:2      | Reached XP level 4. HP: 7/41 MP: 3/3
   869 | D:2      | Reached ** piety under Trog
  1072 | D:2      | Noticed Natasha
  1078 | D:2      | Killed Natasha
  1079 | D:2      | Reached XP level 5. HP: 40/47 MP: 4/4
  1107 | D:2      | Identified the +6 dagger of Honour {vorpal, Contam rC+
                  | Int+3}
  1208 | D:3      | You fall into a shaft and drop 3 floors!
  1212 | D:6      | Noticed a sky beast
  1218 | D:5      | Entered Level 5 of the Dungeon
  1226 | D:5      | Slain by a sky beast

Illustrated notes

Levels and vault maps discovered:
D:1:      reono_arrival_mine, layout_basic, hex_medium, minivault_26
D:2:      layout_rooms, minmay_misc_feat_chi, uniq_natasha
D:3:      layout_loops_ring, mainiacjoe_overflow_surrounded_room,
          grunt_ministairs_3, uniq_robin, uniq_terence
D:5:      layout_loops_ring, mainiacjoe_overflow_boulevard, temple_doors_e,
          uniq_blork_the_orc
D:6:      layout_gridville, kennysheep_slug_shrine

Skill      XL: |  1  2  3 |
---------------+----------+-----
Polearms       | 4 |  4.7
Fighting       | 4 |  4.7
Armour         | 3 |  3.8
Dodging        | 3 |  3.5

Action                   |  1- 3 |  4- 6 || total
-------------------------+-------+-------++-------
Melee: Spear             |    75 |    32 ||   107
       Headbutt          |     4 |     4 ||     8
  Use: Potion            |     1 |       ||     1
 Stab: Sleeping          |     1 |       ||     1
Armor: Animal skin       |    12 |     6 ||    18
Dodge: Dodged            |    27 |    15 ||    42

Table legend: (Time is in decaauts)
 A = Elapsed time spent in this place.
 B = Non-inter-level travel time spent in this place.
 C = Inter-level travel time spent in this place.
 D = Time resting spent in this place.
 E = Time spent auto-exploring this place.
 F = Levels seen in this place.
 G = Mean time per level.
                   A        B        C        D        E       F      G
               +--------+--------+--------+--------+--------+-----+--------+
         Total |   1213 |   1184 |     29 |      0 |    964 |   5 |  242.6 |
       Dungeon |   1213 |   1184 |     29 |      0 |    964 |   5 |  242.6 |
               +--------+--------+--------+--------+--------+-----+--------+

Top non-repeatable levels by time:
     D:2: 619 daAuts
     D:1: 566 daAuts
     D:3: 10 daAuts
     D:6: 9 daAuts
     D:5: 7 daAuts
